 Dungeon Crawl Stone Soup version 0.20.1-1-g8b1a95d (webtiles) character file.

81 Vno the Conjurer (level 4, -4/33 HPs)
             Began as a Draconian Conjurer on Nov 8, 2017.
             Slain by Sigmund
             ... wielding a +0 scythe
              (6 damage)
             ... on level 2 of the Dungeon.
             The game lasted 00:17:53 (1893 turns).

Vno the Conjurer (Draconian Conjurer)               Turns: 1893, Time: 00:17:53

Health: -4/33      AC:  6    Str: 12    XL:     4   Next: 20%
Magic:  7/7        EV: 12    Int: 15    God:
Gold:   34         SH:  0    Dex: 11    Spells: 1/7 levels left

rFire    . . .     SeeInvis .   f - +0 hand axe
rCold    . . .     Gourm    .   (no shield)
rNeg     . . .     Faith    .   (armour unavailable)
rPois    .         Spirit   .   (helmet restricted)
rElec    .         Reflect  .   m - +0 cloak
rCorr    .         Harm     .   (no gloves)
MR       .....                  (no boots)
Stlth    ++........             (no amulet)
Regen    0.2/turn               (no ring)
MPRegen  0.1/turn               (no ring)

@: no status effects
A: unfitting armour, cold-blooded, AC +5
a: no special abilities


You were on level 2 of the Dungeon.
You were hungry.

You visited 1 branch of the dungeon, and saw 2 of its levels.

You collected 34 gold pieces.

Inventory:

Hand Weapons
 f - a +0 hand axe (weapon)
Armour
 m - a +0 cloak (worn)
Jewellery
 i - a +5 ring of dexterity {unknown}
Scrolls
 e - a scroll of teleportation {unknown}
 g - a scroll of identify {unknown}
 j - 2 scrolls of magic mapping {unknown}
 k - 2 scrolls of random uselessness {unknown}
 l - a scroll of enchant armour {unknown}
Potions
 c - a potion of cancellation {unknown}
 n - a potion of haste {unknown}
Books
 a - a book of Conjurations

   Spells                             Type                      Level
   a - Magic Dart                     Conjuration                  1
   b - Searing Ray                    Conjuration                  2
   c - Dazzling Spray                 Conjuration/Hexes            3
   d - Fulminant Prism                Conjuration/Hexes            4
   e - Force Lance                    Conjuration/Translocation    4
   f - Iskenderun's Mystic Blast      Conjuration                  4
Comestibles
 b - a bread ration
 h - a royal jelly


   Skills:
 + Level 0.2 Fighting
 + Level 0.4 Axes
 + Level 2.0 Dodging
 + Level 2.2 Stealth
 + Level 2.2 Spellcasting
 + Level 5.2 Conjurations


You had one spell level left.
You knew the following spells:

 Your Spells              Type           Power        Failure   Level  Hunger
a - Magic Dart            Conj           ###.         2%          1    #......
b - Searing Ray           Conj           ###...       3%          2    ###....
c - Dazzling Spray        Conj/Hex       #.....       22%         3    ###....


Dungeon Overview and Level Annotations

Branches:
Dungeon (2/15)

Altars:

Annotations:
D:2 Sigmund


Innate Abilities, Weirdness & Mutations

Your plain brown scales are hard. (AC +5)
You cannot fit into any form of body armour.
You are cold-blooded and may be slowed by cold attacks.


Message History

You feel less confused. Something hits you.
You hear some strange, mumbled words.
Something tries to affect you, but you resist.
You are feeling hungry.
Something hits you!
You hear some strange, mumbled words.
A puff of flame appears from out of thin air!
The puff of flame hits you! Something hits you!
You are confused.
You're too confused to cast spells.
You're too confused!
All of the chunks of flesh in your inventory have rotted away.
You're too confused to move!
Something hits you!
* * * LOW HITPOINT WARNING * * *
You're too confused to move!
You feel less confused. Something hits you.
You die...

.....###.# ... ##.#
####### #... #.....#
#..# #.....# #..#
#.(...# #..#
#####.....# #..#
#.........# #..# ##
#@........#####..#
...#......###รท......#
..........'.#.####...
#...#......#.#.#######
#...#......#.#........
#.. #......#.#########
..........###.#....##..
..........# #.#.##.##.#
..#.....# #.#.#..##.#


There were no monsters in sight!

Vanquished Creatures
  4 adders (D:2)
  A worm (D:2)
  2 dart slugs (D:1)
  2 leopard geckos (D:1)
  5 bats
  A giant cockroach (D:2)
  4 goblins
  7 hobgoblins (D:1)
  2 jackals (D:2)
  3 frilled lizards
  6 rats
37 creatures vanquished.

Notes
Turn   | Place    | Note
-------+----------+-------------------------------------------
     0 | D:1      | Vno the Draconian Conjurer began the quest for the Orb.
     0 | D:1      | Reached XP level 1. HP: 14/14 MP: 3/3
   155 | D:1      | Reached XP level 2. HP: 20/20 MP: 1/5
   162 | D:1      | Learned a level 2 spell: Searing Ray
   936 | D:1      | Reached XP level 3. HP: 26/26 MP: 3/6
  1364 | D:2      | Reached skill level 5 in Conjurations
  1577 | D:2      | Reached XP level 4. HP: 26/33 MP: 0/7
  1582 | D:2      | Learned a level 3 spell: Dazzling Spray
  1866 | D:2      | Noticed Sigmund
  1892 | D:2      | HP: 1/33 [something (10)]
  1893 | D:2      | Slain by Sigmund

Skill      XL: |  1  2  3 |
---------------+----------+-----
Stealth        | 2 |  2.2
Conjurations   | 5 |  5.2
Dodging        | 2 |  2.0
Fighting       | |  0.2
Axes           | |  0.4
Spellcasting   | |  2.2

Action                   |  1- 3 |  4- 6 || total
-------------------------+-------+-------++-------
Melee: Unarmed           |    13 |       ||    13
       Tailslap          |     1 |     2 ||     3
       Hand axe          |    21 |    22 ||    43
 Cast: Magic Dart        |    51 |     3 ||    54
       Searing Ray       |     4 |     1 ||     5
  Use: Potion            |     1 |       ||     1
  Eat: Chunk             |     3 |     1 ||     4
Armor: Skin              |    18 |    14 ||    32
Dodge: Dodged            |    28 |    25 ||    53
